 Dungeon Crawl Stone Soup version 0.20.0-7-g3b7b877 (webtiles) character file.

85 Chiseanne the Vexing (level 4, -2/26 HPs)
             Began as a Deep Elf Arcane Marksman on May 28, 2017.
             Shot with a stone by a goblin (5 damage)
             ... on level 2 of the Dungeon.
             The game lasted 00:04:18 (1932 turns).

Chiseanne the Vexing (Deep Elf Arcane Marksman)     Turns: 1932, Time: 00:04:19

Health: -2/26      AC:  2    Str:  8    XL:     4   Next: 25%
Magic:  1/8        EV: 14    Int: 18    God:
Gold:   36         SH:  0    Dex: 15    Spells: 3/6 levels left

rFire    . . .     SeeInvis .   w - +0 hunting sling
rCold    . . .     Gourm    .   (no shield)
rNeg     . . .     Faith    .   e - +0 robe
rPois    .         Spirit   .   (no helmet)
rElec    .         Reflect  .   (no cloak)
rCorr    .         Harm     .   (no gloves)
MR       .....                  (no boots)
Stlth    +.........             (no amulet)
Regen    0.1/turn               (no ring)
MPRegen  0.2/turn               (no ring)

@: no status effects
A: no striking features
a: no special abilities


You were on level 2 of the Dungeon.
You were not hungry.

You visited 1 branch of the dungeon, and saw 2 of its levels.

You collected 36 gold pieces.

Inventory:

Hand Weapons
 a - a +0 dagger of venom
 w - a +0 hunting sling (weapon)
Missiles
 b - 121 stones
 d - 21 sling bullets (quivered)
 g - 42 bolts
 j - 8 javelins
Armour
 e - a +0 robe (worn)
Jewellery
 p - a cursed ring of teleportation {unknown}
Scrolls
 i - a scroll of amnesia {unknown}
Potions
 n - a potion of haste {unknown}
 o - a potion of curing {unknown}
Books
 c - a book of Debilitation

   Spells                             Type                      Level
   a - Corona                         Hexes                        1
   b - Slow                           Hexes                        2
   c - Inner Flame                    Hexes/Fire                   3
   d - Portal Projectile              Hexes/Translocation          3
   e - Cause Fear                     Hexes                        4
   f - Leda's Liquefaction            Hexes/Earth                  4
Comestibles
 f - 2 bread rations
 h - 3 fruits
 k - 3 chunks of flesh
 l - a meat ration
 m - a royal jelly


   Skills:
 * Level 1.8 Fighting
 - Level 1.5(2.0) Slings
 * Level 2.1(2.5) Throwing
 * Level 3.8 Dodging
 - Level 1.5 Spellcasting
 - Level 4.0 Hexes


You had 3 spell levels left.
You knew the following spells:

 Your Spells              Type           Power        Failure   Level  Hunger
a - Corona                Hex            ###....      3%          1    ##.....
b - Slow                  Hex            ###.....     5%          2    ###....


Dungeon Overview and Level Annotations

Branches:
Dungeon (2/15)

Altars:


Message History

Press: ? - help, Shift-Dir - straight line, f/p - adder
Aim: an adder (moderately wounded, slow, chance to defeat MR: 61%)
The goblin struggles to resist.
The goblin unwields an uncursed dagger.
The goblin wields a hunting sling.
The goblin shoots a stone.
The stone hits you.
* * * LOW HITPOINT WARNING * * *
Firing (i - inventory. (,) - cycle):
d - 23 sling bullets (quivered)
Press: ? - help, Shift-Dir - straight line, f/p - adder
Aim: an adder (moderately wounded, slow)
You shoot a sling bullet. The sling bullet hits the goblin.
The goblin is moderately wounded.
The goblin shoots a stone.
The stone barely misses you.
Firing (i - inventory. (,) - cycle):
d - 22 sling bullets (quivered)
Press: ? - help, Shift-Dir - straight line, f/p - adder
Aim: an adder (moderately wounded, slow)
You shoot a sling bullet.
The sling bullet barely misses the goblin.
The sling bullet closely misses the adder.
The goblin shoots a stone.
The stone hits you.
You die...

................# #...#
#...............# #.###
#............#### (.g
#........####### ..%
#..............# .l...
########.#####.# ....
##.....#.......# ....
.......#################.........
.............(..@..(gS(#.........
......######...#######.#.........
......# #...# #.#.........
......######...## #S#.........
......#.........# #.#.........
......#.........######g#.........
......#....)..............(..)((.
.......########..........######..
.......# #..........#


You could see an adder and a goblin.

Vanquished Creatures
  3 gnolls
  An adder (D:2)
  An ooze (D:2)
  3 dart slugs
  2 leopard geckos
  6 goblins
  3 hobgoblins
  2 quokkas (D:2)
  A bat (D:2)
  3 frilled lizards
  8 kobolds
  6 rats
39 creatures vanquished.

Notes
Turn   | Place    | Note
-------+----------+-------------------------------------------
     0 | D:1      | Chiseanne the Deep Elf Arcane Marksman began the quest for the Orb.
     0 | D:1      | Reached XP level 1. HP: 11/11 MP: 5/5
    63 | D:1      | Reached skill level 1 in Fighting
   144 | D:1      | Reached XP level 2. HP: 14/16 MP: 6/6
   203 | D:1      | Reached skill level 1 in Throwing
   604 | D:1      | Learned a level 2 spell: Slow
  1003 | D:1      | Reached XP level 3. HP: 15/20 MP: 3/7
  1772 | D:2      | Reached XP level 4. HP: 26/26 MP: 2/8
  1932 | D:2      | Shot with a stone by a goblin

Skill      XL: |  1  2  3 |
---------------+----------+-----
Fighting       | 1 |  1.8
Throwing       | 1 2 |  2.1
Dodging        | 3 |  3.8
Slings         | |  1.5
Spellcasting   | |  1.5
Hexes          | |  4.0

Action                   |  1- 3 |  4- 6 || total
-------------------------+-------+-------++-------
Melee: Dagger            |    14 |       ||    14
 Fire: Hunting sling     |    92 |    22 ||   114
 Cast: Slow              |    13 |     4 ||    17
       Corona            |     8 |     1 ||     9
  Use: Scroll            |     2 |     1 ||     3
       Potion            |     1 |       ||     1
  Eat: Chunk             |     3 |     1 ||     4
Armor: Robe              |     7 |       ||     7
Dodge: Dodged            |    33 |     3 ||    36
